 Dungeon Crawl Stone Soup version 0.20.1-1-g8b1a95d (webtiles) character file.

96 Michaellaneous the Grave Robber (level 4, 0/24 HPs)
             Began as a Deep Elf Necromancer on Oct 26, 2017.
             Succumbed to an adder's poison
             ... on level 2 of the Dungeon.
             The game lasted 00:08:46 (2440 turns).

Michaellaneous the Grave Robber (DENe)              Turns: 2440, Time: 00:08:47

Health: 0/24       AC:  2    Str: 10    XL:     4   Next: 41%
Magic:  5/12       EV: 13    Int: 21    God:
Gold:   80         SH:  0    Dex: 15    Spells: 10/12 levels left

rFire    . . .     SeeInvis .   e - +0 dagger
rCold    . . .     Gourm    .   (no shield)
rNeg     . . .     Faith    .   a - +0 robe
rPois    .         Spirit   .   (no helmet)
rElec    .         Reflect  .   (no cloak)
rCorr    .         Harm     .   (no gloves)
MR       .....     Rnd*Tele +   (no boots)
Stlth    ++........             g - amulet of magic regeneration
Regen    0.1/turn               d - ring of teleportation (curse)
MPRegen  0.2/turn               k - +1 ring of slaying

@: mighty, lethally poisoned (0 -> -7), flying, hasted, very quick
A: no striking features
a: no special abilities


You were on level 2 of the Dungeon.
You were not hungry.

You visited 1 branch of the dungeon, and saw 3 of its levels.

You collected 80 gold pieces.

Inventory:

Hand Weapons
 e - a +0 dagger (weapon)
Armour
 a - a +0 robe (worn)
Jewellery
 d - a cursed ring of teleportation (left hand)
 g - an amulet of magic regeneration (around neck)
 k - a +1 ring of slaying (right hand)
Scrolls
 l - a scroll of identify
 o - a scroll of blinking
Potions
 h - a potion of brilliance
 j - a potion of lignification
 m - a potion of berserk rage
 n - a potion of might
Books
 b - a book of Necromancy

   Spells                             Type                      Level
   a - Pain                           Necromancy                   1
   b - Animate Skeleton               Necromancy                   1
   c - Vampiric Draining              Necromancy                   3
   d - Regeneration                   Charms/Necromancy            3
   e - Animate Dead                   Necromancy                   4
   f - Control Undead                 Necromancy                   4
Comestibles
 c - 3 bread rations
 f - a meat ration


   Skills:
 - Level 2.4 Dodging
 + Level 3.6 Stealth
 * Level 4.6 Spellcasting
 * Level 5.7 Necromancy


You had 10 spell levels left.
You knew the following spells:

 Your Spells              Type           Power        Failure   Level  Hunger
a - Pain                  Necr           ####         1%          1    None
b - Animate Skeleton      Necr           N/A          1%          1    None


Dungeon Overview and Level Annotations

Branches:
Dungeon (3/15)

Altars:


Message History

Aiming: Pain
Press: ? - help, Shift-Dir - straight line, f/p - adder
Aim: an adder (almost dead, chance to defeat MR: 89%)
The adder writhes in agony!
You kill the adder!
* * * LOW HITPOINT WARNING * * *
You feel sick.
It was a potion of flight.
You feel very buoyant.
You fly up into the air.
* * * LOW HITPOINT WARNING * * *
You feel sick.
It was a potion of haste.
You feel yourself speed up.
* * * LOW HITPOINT WARNING * * *
You feel sick.
You feel very mighty all of a sudden.
* * * LOW HITPOINT WARNING * * *
You feel sick.
There is a lethal amount of poison in your body!
You die...

......#.#
##.######..######
......#.#####
#).............#
#...........#
#..#####..####.#
#.....#.###.# #..#
#..# #.# #.....#.#
#.#####..# #..# #.#
#######.#
#........#####..# #.#
#.# ########.##.....#
#.# #.#
#######.##.###.# #.#
#### #.#
#....@.........####.#
...# #.#
#.#####.............#
##.####.# #>#
####.##########
........# #<# #.#
##.###### #.# #.# #.#
#####.# #.#
##.#####...#.# #.#
..........>..# #.#
##.#####...### #.#


There were no monsters in sight!

Vanquished Creatures
  4 adders (D:2)
  An ooze (D:2)
  12 bats
  3 giant cockroaches
  12 goblins
  5 hobgoblins
  7 kobolds
  A quokka (D:2)
  A frilled lizard (D:1)
  7 rats
53 creatures vanquished.

Notes
Turn   | Place    | Note
-------+----------+-------------------------------------------
     0 | D:1      | Michaellaneous the Deep Elf Necromancer began the quest for the Orb.
     0 | D:1      | Reached XP level 1. HP: 10/10 MP: 6/6
    18 | D:1      | Learned a level 1 spell: Animate Skeleton
   418 | D:1      | Reached XP level 2. HP: 14/15 MP: 5/8
   657 | D:1      | Reached skill level 5 in Necromancy
  1289 | D:2      | Reached XP level 3. HP: 17/19 MP: 7/10
  2260 | D:2      | Reached XP level 4. HP: 22/24 MP: 7/12
  2437 | D:2      | HP: 1/24 [poisoned by an adder]
  2440 | D:2      | Succumbed to an adder's poison

Skill      XL: |  1  2  3 |
---------------+----------+-----
Necromancy     | 5 |  5.7
Stealth        | 3 |  3.6
Spellcasting   | 4 |  4.6
Dodging        | |  2.4

Action                   |  1- 3 |  4- 6 || total
-------------------------+-------+-------++-------
Melee: Dagger            |     8 |     1 ||     9
 Cast: Pain              |    78 |    13 ||    91
       Animate Skeleton  |     3 |       ||     3
  Use: Scroll            |     7 |       ||     7
       Potion            |       |     3 ||     3
  Eat: Chunk             |     4 |       ||     4
Armor: Robe              |     3 |     1 ||     4
Dodge: Dodged            |    10 |    15 ||    25
